Steven Seagul, neutral female human Valkyrie --- ....` ...**.. `.<).. u.. -*.*-------------------- ...@. |...................*.... ..... |.......%....`........... .... |........................ ----------------------... |...| |... |...| |... ^ |...| |... |...----... |.......... |.......... |.......... ----------- Steven Seagul the Woman-at-arms Experience level: 10 Strength: 25 Dexterity: 17 Constitution: 17 Intelligence: 8 Wisdom: 11 Charisma: 9 Health: 0(54) Energy: 28(28) Def: 8 Gold: 1057 Moves: 17715 Dungeon seed: 0oUy89Sh2WkWcuzt Game ID: Steven Seagul_1439874443 Your Inventory: Coins $ - 1057 gold pieces Amulets Z - the blessed Eye of the Aethiopica Armor e - a blessed +2 small shield (being worn) r - an uncursed +0 pair of gauntlets of power (being worn) y - an uncursed +0 pair of high boots (being worn) N - an uncursed +0 dwarvish iron helm (being worn) Comestibles g - an uncursed food ration Scrolls u - an uncursed scroll of identify Potions h - a cursed potion of healing Wands b - an uncursed wand of speed monster (0:4) p - an uncursed wand of digging (0:8) C - an uncursed wand of digging (0:6) G - an uncursed wand of fire (0:1) K - an uncursed wand of magic missile (0:4) T - an uncursed wand of lightning (0:6) U - an uncursed wand of teleportation (0:3) W - an uncursed wand of sleep (0:2) Tools o - a blessed bag of holding v - an uncursed skeleton key H - an uncursed magic marker (0:80) O - a blessed +0 unicorn horn P - a blessed oil lamp (0:983) Contents of the bag of holding: 2755 gold pieces an uncursed egg an uncursed eucalyptus leaf 5 uncursed food rations an uncursed tin of rothe meat a blessed scroll of blank paper 4 uncursed scrolls of blank paper 2 uncursed scrolls of confuse monster a cursed scroll of confuse monster a blessed scroll of create monster an uncursed scroll of destroy armor a blessed scroll of earth an uncursed scroll of earth 4 uncursed scrolls of enchant armor a blessed scroll of enchant weapon an uncursed scroll of enchant weapon an uncursed scroll of genocide a cursed scroll of genocide an uncursed scroll of gold detection a cursed scroll of identify 2 uncursed scrolls of light a blessed scroll of magic mapping a blessed scroll of punishment an uncursed scroll of remove curse a cursed scroll of remove curse 3 uncursed scrolls of scare monster an uncursed scroll of stinking cloud an uncursed scroll of taming 2 uncursed scrolls of teleportation an uncursed scroll of water an uncursed spellbook of detect monsters an uncursed spellbook of knock an uncursed spellbook of wizard lock 2 uncursed potions of fruit juice an uncursed potion of full healing 3 uncursed potions of gain ability an uncursed potion of gain energy 4 potions of holy water an uncursed potion of monster detection 2 uncursed potions of object detection a blessed potion of oil an uncursed potion of oil 2 uncursed potions of restore ability 4 uncursed potions of see invisible a blessed potion of sleeping 2 uncursed potions of speed a potion of unholy water a cursed -2 ring of adornment a cursed ring of aggravate monster a cursed ring of cold resistance an uncursed ring of conflict an uncursed ring of poison resistance a blessed +1 ring of protection a cursed -1 ring of protection an uncursed ring of searching an uncursed ring of shock resistance an uncursed ring of stealth an uncursed wand of light (0:11) an uncursed wand of light (0:11) an uncursed wand of lightning (0:6) a cursed wand of magic missile (0:7) an uncursed wand of magic missile (0:5) an uncursed wand of make invisible (0:3) an uncursed wand of polymorph (0:6) an uncursed wand of secret door detection (0:14) an uncursed wand of secret door detection (0:12) an uncursed wand of speed monster (0:6) an uncursed wand of speed monster (0:4) an uncursed wand of striking (0:2) Spells and supernatural/magical abilities: Name Level Category Fail Memory k - knock 1 matter 100% 79% n - detect monsters 1 divination 100% 79% w - wizard lock 2 matter 100% 79% W - pray for help -- divine ? -- Your skills at the end: Fighting Skills Weapon Skills dagger [Basic] spear [Skilled] Spellcasting Skills Final Attributes: You were devoutly aligned. You were cold resistant. You were poison resistant. You were magic-protected. You were telepathic. You were stealthy. You could fly. You were fast. You were unlucky. Odin was angry with you. You are dead (2nd time!). Vanquished creatures: Medusa a titan 4 stone golems a lich a clay golem an ice devil a frost giant a golden naga a ghost a lieutenant 2 giant mimics 3 ice trolls 2 umber hulks a long worm 2 water elementals 3 hill giants 2 giant zombies 2 wargs 3 small mimics 2 xans 3 ettin mummies a quantum mechanic 4 trolls a wood golem 5 gelatinous cubes a large dog 2 freezing spheres a flaming sphere 2 shocking spheres 2 dwarf kings 2 tengu a mountain centaur 2 giants a human mummy a red naga 4 pit vipers 5 cobras 4 wraiths an ettin zombie 3 Grey-elves 8 soldiers a succubus a crocodile 2 giant beetles 2 quivering blobs a cockatrice 5 wolves a winter wolf cub a panther 3 gremlins 18 leprechauns 2 spotted jellies 4 giant spiders a scorpion a horse an ice vortex 2 black lights 3 forest centaurs 2 gnome kings an orc mummy 2 owlbears 2 yetis a gold golem 6 Green-elves 5 lizards 2 dingos 2 housecats 2 jaguars 2 dwarf lords 2 blue jellies a water nymph a white unicorn 2 dust vortices 2 gnome mummies a snake 2 apes 2 human zombies a Woodland-elf 4 soldier ants 8 fire ants 6 bugbears 5 wood nymphs 16 Uruk-hai an orc shaman 4 rock piercers 2 rock moles 3 fog clouds 4 yellow lights 2 shriekers a violet fungus 6 gnome lords 5 gnomish wizards 2 kobold mummies a guardian naga hatchling 3 gray oozes 3 elf zombies a ghoul 3 straw golems 3 paper golems 16 giant ants 2 little dogs 7 floating eyes 2 kittens 13 dwarves 5 homunculi 5 kobold lords 2 kobold shamans 12 hill orcs 4 rothes 3 rabid rats 3 centipedes 10 giant bats 4 orc zombies 5 dwarf zombies 2 werejackals 6 iguanas 6 killer bees 3 acid blobs 4 coyotes 3 gas spores 7 hobbits 5 large kobolds 12 hobgoblins 2 giant rats 3 cave spiders 6 brown molds 4 yellow molds a green mold 6 red molds 25 gnomes 8 garter snakes 13 manes 3 gnome zombies 14 geckos 11 jackals 2 foxen a kobold 10 goblins 4 sewer rats 21 grid bugs 4 bats 8 lichens 2 kobold zombies 14 newts 565 creatures vanquished. Voluntary challenges: You had been an atheist until turn 2545. You used a wielded weapon 1079 times, starting on turn 103. You read items or engraved 21 times, starting on turn 4615. You never genocided any monsters. You never polymorphed an object. You changed form 3 times, starting on turn 10075. You cheated 2 times but completed Sokoban on turn 7358. You used 2 wishes, starting on turn 2685. You wished for your your first artifact on turn 17220. You never split a pudding. You wrote Elbereth's name 13 times, starting on turn 4615. You violated your moral code, losing 4 points of alignment, starting on turn 7028. Dungeon overview: The Dungeons of Doom: levels 1 to 23 Level 1 a long staircase Level 2 some fountains, a sink Level 3 an armor shop stairs to The Gnomish Mines Level 4 a potion shop Level 5 a fountain Level 6 many fountains Level 7 a fountain stairs to Sokoban Level 8 a fountain Level 9 Level 10 a fountain, a sink Level 11 Level 12 a fountain, a throne Level 13 a fountain portal to The Quest Level 14 a fountain Level 15 Level 16 Level 17 Level 18 Level 19 a temple to Tyr Level 20 Level 21 a potion shop, a fountain Level 22 Level 23 <- You were here The Gnomish Mines: levels 4 to 9 Level 4 stairs to The Dungeons of Doom Level 5 Level 6 Level 7 many shops, a temple to Odin, some fountains Level 8 Level 9 The Quest: Level 1 a fountain portal to The Dungeons of Doom Sokoban: levels 3 to 6 Level 3 Level 4 Level 5 Level 6 stairs to The Dungeons of Doom History has recorded: On T:1 you entered the Dungeons of Doom to retrieve the Amulet of Yendor! On T:78 you reached level 2 of The Dungeons of Doom. On T:410 you advanced to experience level 2. On T:611 you advanced to experience level 3. On T:738 you reached level 3 of The Dungeons of Doom. On T:799 you reached level 1 of The Gnomish Mines. On T:930 you reached level 4 of The Dungeons of Doom. On T:1120 you advanced to experience level 4. On T:1445 you reached level 2 of The Gnomish Mines. On T:1497 you advanced to experience level 5. On T:2094 you reached level 3 of The Gnomish Mines. On T:2314 you advanced to experience level 6. On T:2494 you reached level 4 of The Gnomish Mines. On T:2685 you wished for "blessed greased +2 silver dragon scale mail". On T:3206 you reached level 5 of The Dungeons of Doom. On T:3761 you reached level 6 of The Dungeons of Doom. On T:3923 you advanced to experience level 7. On T:4024 you reached level 7 of The Dungeons of Doom. On T:4145 you reached level 8 of The Dungeons of Doom. On T:4199 you reached level 4 of Sokoban. On T:4478 you reached level 3 of Sokoban. On T:4969 you reached level 2 of Sokoban. On T:5732 you reached level 1 of Sokoban. On T:6500 you advanced to experience level 8. On T:7358 you entered the Sokoban zoo. On T:7970 you reached level 9 of The Dungeons of Doom. On T:8159 you reached level 10 of The Dungeons of Doom. On T:8634 you reached level 11 of The Dungeons of Doom. On T:8728 you advanced to experience level 9. On T:9146 you reached level 12 of The Dungeons of Doom. On T:9188 you reached level 13 of The Dungeons of Doom. On T:9694 you reached level 14 of The Dungeons of Doom. On T:9810 you reached level 1 of The Quest. On T:9941 you reached level 15 of The Dungeons of Doom. On T:10752 you advanced to experience level 10. On T:10982 you reached level 16 of The Dungeons of Doom. On T:11289 you reached level 17 of The Dungeons of Doom. On T:11324 you reached level 18 of The Dungeons of Doom. On T:11613 you reached level 19 of The Dungeons of Doom. On T:11899 you reached level 20 of The Dungeons of Doom. On T:12864 you reached level 21 of The Dungeons of Doom. On T:13402 you advanced to experience level 11. On T:13463 you reached level 22 of The Dungeons of Doom. On T:14696 you killed Medusa on level 22 of The Dungeons of Doom. On T:16087 you reached level 5 of The Gnomish Mines. On T:16248 you reached level 6 of The Gnomish Mines. On T:17220 you wished for "blessed The Eye of the Aethiopica". On T:17713 you were saved from death by your amulet of life saving! Score breakdown: Gold: 3812 ( 381 points) Experience: 10 levels ( 900 points) Exploration: 23 levels ( 660 points) Discoveries: 42 items ( 2000 points) Variety of kills: 144 monsters ( 2000 points) Major goal: (nothing yet) ( 0 points) Survival: died (score multiplied by 3) Total score: 17823 Latest messages: "Thou must relearn thy lessons!" You feel foolish! Farvel level 11. The minotaur hits! The minotaur butts! Your potion of full healing freezes and shatters! The minotaur hits! (2x) The minotaur butts! You finish disrobing. You put an uncursed effervescent potion into the bag called Bag of Holding. You put an uncursed potion of speed into the bag called Bag of Holding. You see here 2 arrows. An arrow shoots out at you! You are hit by an arrow! You die... Final status: Farvel Steven Seagul the Valkyrie, killed by an arrow... You died in The Dungeons of Doom on dungeon level 23 with 17823 points, and 3812 pieces of gold, after 17715 moves. You were level 10 with a maximum of 54 hit points when you died.